 Dungeon Crawl Stone Soup version 0.21.1-1-g345015f (webtiles) character file.

110 Mirai the Magician (level 4, -2/24 HPs)
             Began as a Deep Elf Conjurer on Mar 27, 2018.
             Was an Initiate of Vehumet.
             Killed from afar by a bog mummy (11 damage)
             ... with a puff of frost
             ... in an ossuary.
             The game lasted 00:13:27 (2764 turns).

Mirai the Magician (Deep Elf Conjurer)              Turns: 2764, Time: 00:13:29

Health: -2/24      AC:  4    Str:  5    XL:     4   Next: 61%
Magic:  10/14      EV: 13    Int: 21    God:    Vehumet [......]
Gold:   235        SH:  0    Dex: 15    Spells: 5/16 levels left

rFire    . . .     SeeInvis .   p - +1 hand axe
rCold    . . .     Gourm    .   (no shield)
rNeg     . . .     Faith    .   m - +0 robe
rPois    .         Spirit   .   (no helmet)
rElec    .         Reflect  .   (no cloak)
rCorr    .         Harm     .   f - +1 pair of gloves
MR       .....                  (no boots)
Stlth    +.........             (no amulet)
HPRegen  0.08/turn              (no ring)
MPRegen  0.14/turn              (no ring)

@: slowed, very slow
A: no striking features
a: Renounce Religion


You were in an ossuary.
You worshipped Vehumet.
Vehumet was noncommittal.
You were not hungry.

You visited 1 branch of the dungeon, and saw 5 of its levels.
You also visited: Ossuary.

You collected 235 gold pieces.

Inventory:

Hand Weapons
 p - a +1 hand axe (weapon)
Armour
 a - a +0 robe
 f - a +1 pair of gloves (worn)
 m - a +0 robe (worn)
Jewellery
 h - an uncursed ring of poison resistance {unknown}
 j - an uncursed ring of fire
 q - an uncursed ring of resist corrosion {unknown}
Wands
 k - a wand of random effects (21)
Scrolls
 d - 3 scrolls of enchant armour
 g - 4 scrolls of identify
 i - 2 scrolls of remove curse
 o - 2 scrolls of amnesia
 v - 2 scrolls of teleportation
 x - a scroll of enchant weapon
Potions
 e - 3 potions of brilliance
 l - a potion of might {unknown}
 n - a potion of flight {unknown}
 r - 3 potions of heal wounds {unknown}
 s - a potion of mutation {unknown}
 t - 2 potions of agility {unknown}
 u - 2 potions of curing {unknown}
Books
 b - a book of Conjurations

   Spells                             Type                      Level
   a - Magic Dart                     Conjuration                  1
   b - Searing Ray                    Conjuration                  2
   c - Dazzling Spray                 Conjuration/Hexes            3
   d - Fulminant Prism                Conjuration/Hexes            4
   e - Force Lance                    Conjuration/Translocation    4
   f - Iskenderun's Mystic Blast      Conjuration                  4
Comestibles
 c - 6 rations


   Skills:
 - Level 2.4 Dodging
 - Level 2.4 Stealth
 + Level 6.7 Spellcasting
 - Level 4.3 Conjurations


You had 5 spell levels left.
You knew the following spells:

 Your Spells              Type           Power        Failure   Level  Hunger
a - Magic Dart            Conj           ####         1%          1    None
b - Searing Ray           Conj           ####..       2%          2    None
c - Iskenderun's Mystic   Conj           ####....     14%         4    ###....
d - Fulminant Prism       Conj/Hex       ###.......   36%         4    ###....


Dungeon Overview and Level Annotations

Branches:
Dungeon (5/15)
 Temple: D:4-7

Altars:
Gozag
Hepliaklqana
Ru
Uskayaw
Vehumet

Annotations:
D:4 buskinjo's ghost, amateur DgTm


Message History

Confirm with . or Enter, or press ? or * to list all spells.
Aiming: Searing Ray
Press: ? - help, Shift-Dir - straight line, f - centaur zombie
Aim: a centaur zombie The searing ray hits the centaur zombie.
The centaur zombie is lightly damaged. (Press . to maintain the ray.)
The centaur zombie hits you. x2
The searing ray hits the centaur zombie.
The centaur zombie is lightly damaged.
The centaur zombie hits you but does no damage.
The bog mummy gestures at you while chanting.
You feel yourself slow down.
The searing ray hits the centaur zombie.
The centaur zombie is severely damaged.
The centaur zombie hits you.
The centaur zombie hits you but does no damage.
The bog mummy casts a spell at you. The puff of frost hits you!
You die...

.# .+ #####.#
#∩..#.+
#.∩.#.###
#...#≈≈.
##+##+##≈##Z#
≈≈≈≈M≈≈.≈≈@.+
#≈≈.#≈#.≈.≈.#
#.≈P≈P≈P≈.#P#
#≈≈≈#≈##≈≈#≈≈#
####≈# ≈##≈###
## ## ##


You could see a bog mummy and a centaur zombie.

Vanquished Creatures
  Jessica (D:3)
  2 adders (D:3)
  A worm (D:2)
  A dart slug (D:1)
  2 leopard geckos (D:2)
  An orc (D:3)
  2 bats
  6 giant cockroaches
  7 goblins
  4 hobgoblins
  5 jackals (D:1)
  2 quokkas
  4 frilled lizards
  9 kobolds
  9 rats
56 creatures vanquished.

Notes
Turn   | Place    | Note
-------+----------+-------------------------------------------
     0 | D:1      | Mirai the Deep Elf Conjurer began the quest for the Orb.
     0 | D:1      | Reached XP level 1. HP: 10/10 MP: 6/6
   140 | D:1      | Reached skill level 4 in Spellcasting
   140 | D:1      | Reached XP level 2. HP: 15/15 MP: 5/9
   835 | D:2      | Found a radiant altar of Vehumet.
   838 | D:2      | Became a worshipper of Vehumet
   888 | D:2      | Reached XP level 3. HP: 17/19 MP: 4/11
   936 | D:2      | Reached skill level 5 in Spellcasting
  1486 | D:3      | Noticed Jessica
  1513 | D:2      | Learned a level 2 spell: Searing Ray
  1526 | D:3      | Killed Jessica
  1526 | D:3      | Reached skill level 6 in Spellcasting
  1526 | D:3      | Reached XP level 4. HP: 24/24 MP: 8/14
  1805 | D:3      | Learned a level 4 spell: Iskenderun's Mystic Blast
  1810 | D:3      | Learned a level 4 spell: Fulminant Prism
  1875 | D:3      | Found a sacrificial altar of Ru.
  2117 | D:3      | Found a hazy altar of Hepliaklqana.
  2117 | D:3      | Found an opulent altar of Gozag.
  2211 | D:3      | Found a hide-covered altar of Uskayaw.
  2412 | D:4      | Noticed a phantom
  2429 | D:4      | Noticed buskinjo's ghost (amateur DgTm)
  2443 | D:5      | Entered Level 5 of the Dungeon
  2732 | D:4      | Found a sand-covered staircase.
  2753 | Ossuary  | Entered an ossuary
  2764 | Ossuary  | Killed from afar by a bog mummy

Skill      XL: |  1  2  3 |
---------------+----------+-----
Spellcasting   | 4 6 |  6.7
Dodging        | |  2.4
Stealth        | |  2.4
Conjurations   | |  4.3

Action                   |  1- 3 |  4- 6 || total
-------------------------+-------+-------++-------
Melee: Unarmed           |     1 |       ||     1
       Dagger            |     6 |       ||     6
       Hand axe          |       |     1 ||     1
 Cast: Magic Dart        |    77 |    14 ||    91
       Searing Ray       |       |    17 ||    17
       Iskenderun's Myst |       |     1 ||     1
  Use: Scroll            |     5 |     3 ||     8
  Eat: Chunk             |     2 |     2 ||     4
       Ration            |       |     1 ||     1
Armor: Robe              |     2 |     7 ||     9
Dodge: Dodged            |    23 |    17 ||    40
